 Dungeon Crawl Stone Soup version 0.29.1-15-g9cfb28693d (webtiles) character file.

Game seed: 15584273822418811379

2844 Peloso the Carver (level 9, -9/79 HPs)
             Began as a Minotaur Fighter on Mar 27, 2023.
             Mangled by a two-headed ogre
             ... wielding a +0 giant spiked club
              (16 damage)
             ... on level 8 of the Dungeon.
             The game lasted 00:14:09 (8957 turns).

Peloso the Carver (Minotaur Fighter)                Turns: 8957, Time: 00:14:09

Health: -9/79      AC: 18    Str: 24    XL:     9   Next: 46%
Magic:  8/8        EV:  9    Int:  5    God:
Gold:   271        SH:  5    Dex: 11    Spells: 8/8 levels left

rFire   . . .      SeeInvis .   a - +1 long sword (freeze)
rCold   . . .      Faith    .   d - +0 buckler
rNeg    . . .      Spirit   .   k - +0 chain mail
rPois   .          Reflect  .   D - +2 hat
rElec   .          Harm     .   (no cloak)
rCorr   .          Rampage  .   (no gloves)
Will    +....                   c - +0 pair of boots
Stlth   ..........              (no amulet)
HPRegen 0.23/turn               m - ring of willpower
MPRegen 0.11/turn               s - +4 ring of protection

@: no status effects
A: horns 2, retaliatory headbutt
a: no special abilities


You were on level 8 of the Dungeon.
You visited 2 branches of the dungeon, and saw 9 of its levels.
You also visited: Ossuary.

You collected 346 gold pieces.
You spent 75 gold pieces at shops.

Inventory:

Hand Weapons
 a - a +1 long sword of freezing (weapon)
 b - a +1 long sword
Missiles
 n - a throwing net (quivered)
Armour
 c - a +0 pair of boots (worn)
 d - a +0 buckler (worn)
 k - a +0 chain mail (worn)
 D - a +2 hat (worn)
Jewellery
 e - a ring of fire
 f - a +4 ring of evasion
 m - a ring of willpower (left hand)
 o - a ring of willpower
 s - a +4 ring of protection (right hand)
 t - an amulet of faith
Wands
 p - a wand of mindburst (7)
 u - a wand of polymorph (11)
 B - a wand of flame (15)
Scrolls
 h - 3 scrolls of poison
 l - 7 scrolls of teleportation
 x - 3 scrolls of silence {unknown}
 y - a scroll of magic mapping {unknown}
 A - 3 scrolls of enchant armour {unknown}
Potions
 g - 2 potions of haste
 i - 4 potions of curing
 j - 2 potions of flight
 q - a potion of brilliance
 r - 3 potions of mutation
 v - 2 potions of resistance {unknown}
 w - 2 potions of heal wounds
 z - 2 potions of attraction {unknown}
 C - 2 potions of invisibility {unknown}


   Skills:
 + Level 7.2 Fighting
 + Level 10.2 Long Blades
 + Level 9.0 Armour
 + Level 2.4 Dodging
 + Level 1.2 Stealth
 + Level 6.3 Shields


You had 8 spell levels left.
You didn't know any spells.
Your spell library contained the following spells:

 Spells                   Type           Power      Damage    Failure   Level
 Magic Dart               Conj           0%         1d3       98%         1
 Call Imp                 Summ           0%         N/A       99%         2
 Sublimation of Blood     Necr           0%         N/A       99%         2
 Ignite Poison            Fire/Tmut/Pois 0%         N/A       100%        3
 Mephitic Cloud           Conj/Pois/Air  0%         N/A       100%        3
 Stone Arrow              Conj/Erth      0%         3d7       100%        3
 Petrify                  Tmut/Erth      0%         N/A       100%        4
 Sticky Flame             Conj/Fire      0%         2d3       100%        4
 Irradiate                Conj/Tmut      0%         3d11      100%        5


Dungeon Overview and Level Annotations

Branches:
Dungeon (8/15)             Temple (1/1) D:7         Ossuary (visited)
   Lair: D:8-11

Altars:
Ashenzari
Cheibriados
Dithmenos
Fedhas
Gozag
Hepliaklqana
Kikubaaqudgha
Makhleb
Nemelex Xobeh
Qazlal
Ru
Sif Muna
Trog
Uskayaw
Vehumet
Wu Jian
Xom
Yredelemnul
Zin
The Shining One

Shops:
D:6 *   D:8 *


Innate Abilities, Weirdness & Mutations

You have a pair of horns on your head.
You reflexively headbutt those who attack you in melee.


Message History

You open the door.
There is an open door here.
You open the door.
There is an open door here.
An orc wizard and a two-headed ogre come into view.
The orc wizard is wielding a +0 dagger and carrying a wand of paralysis (8).
The orc wizard shouts!
You hear a shout!
An orc comes into view. It is wielding a +0 club.
The orc wizard zaps a wand.
You resist with almost no effort.
An orc comes into view. It is wielding a +0 dagger.
You hear a shout!
The orc shouts!
There is an open door here.
There is an open door here.
Sorry, you're not good enough to have a special ability.
Sorry, you're not good enough to have a special ability.
You hit the two-headed ogre but do no damage.
The two-headed ogre completely misses you.
The two-headed ogre barely misses you.
You hit the two-headed ogre. You freeze the two-headed ogre.
The two-headed ogre is lightly wounded.
The two-headed ogre hits you with a +0 giant spiked club!!
The two-headed ogre hits you with a +0 giant spiked club!
You slash the two-headed ogre! You freeze the two-headed ogre.
The two-headed ogre is moderately wounded.
You slash the two-headed ogre! You freeze the two-headed ogre.
The two-headed ogre is heavily wounded.
The two-headed ogre hits you with a +0 giant spiked club!!
* * * LOW HITPOINT WARNING * * *
You block the two-headed ogre's attack.
You hit the two-headed ogre. You freeze the two-headed ogre.
The two-headed ogre is severely wounded.
You hit the two-headed ogre. You freeze the two-headed ogre.
The two-headed ogre is severely wounded.
The two-headed ogre hits you with a +0 giant spiked club!
* * * LOW HITPOINT WARNING * * *
You block the two-headed ogre's attack.
You hit the two-headed ogre. You freeze the two-headed ogre.
The two-headed ogre is severely wounded.
The two-headed ogre hits you with a +0 giant spiked club!
You die...

#.##..###.##..##...####### #..###
#.##..###.##..##...##....###..##
..#.......................#....#
..#....................o..#....+
..#.......................'...##
..#.......................#...#
..#............ooo..Oo....#......
################O######..#######.
###@######### #........+
#........# #........# #<.......#
##########


You could see a two-headed ogre, an orc wizard and 2 orcs.

Vanquished Creatures
  A wyvern (D:8)
  2 vampire mosquitoes (D:7)
  A black bear (D:6)
  2 ogres (D:5)
  A sky beast (D:7)
  A centaur (D:5)
  2 elf zombies (Ossuary)
  A kobold brigand (D:7)
  A phantom (D:5)
  5 bullfrogs
  A scorpion (D:6)
  2 necrophages (D:7)
  5 wights
  A howler monkey (D:7)
  A centaur zombie (Ossuary)
  6 hounds
  3 human zombies (Ossuary)
  2 jellies
  3 orc priests
  A gnoll bouda (D:4)
  3 iguanas
  Ijyb (D:4)
  3 orc wizards
  2 mummies (Ossuary)
  8 adders
  7 gnolls
  An ufetubus (D:4)
  2 worms (D:2)
  17 orcs
  8 bats
  7 endoplasms
  3 giant cockroaches
  10 goblins
  4 hobgoblins
  4 jackals (D:2)
  6 quokkas
  7 ball pythons
  3 frilled lizards
  2 goblin zombies
  10 hobgoblin zombies (Ossuary)
  A jackal zombie (Ossuary)
  2 kobolds
  11 kobold zombies (Ossuary)
  8 orc zombies (Ossuary)
  5 rats
  A rat zombie (D:5)
178 creatures vanquished.

Vanquished Creatures (others)
  A plant (D:5)
1 creature vanquished.

Grand Total: 179 creatures vanquished

Notes
Turn   | Place    | Note
-------+----------+-------------------------------------------
     0 | D:1      | Peloso the Minotaur Fighter began the quest for the Orb.
     0 | D:1      | Reached XP level 1. HP: 19/19 MP: 0/0
   563 | D:1      | Reached XP level 2. HP: 27/27 MP: 1/1
  1372 | D:2      | Reached XP level 3. HP: 30/33 MP: 2/2
  1554 | D:2      | Reached skill level 3 in Long Blades
  1722 | D:2      | Got the Reference Book on the Remoulded Barrage
  2052 | D:2      | Reached XP level 4. HP: 40/40 MP: 3/3
  2856 | D:3      | Found a sacrificial altar of Ru.
  2870 | D:3      | Reached skill level 1 in Dodging
  3181 | D:4      | Reached XP level 5. HP: 46/46 MP: 4/4
  3188 | D:4      | Reached skill level 4 in Long Blades
  3254 | D:5      | Entered Level 5 of the Dungeon
  3283 | D:5      | Found a hide-covered altar of Uskayaw.
  3283 | D:5      | Noticed a +0 hand axe
  3283 | D:5      | Noticed a +0 dagger
  3319 | D:5      | Reached skill level 5 in Armour
  3363 | D:5      | Found a sand-covered staircase.
  3385 | Ossuary  | Entered an ossuary
  3609 | Ossuary  | Reached skill level 5 in Long Blades
  3609 | Ossuary  | Reached XP level 6. HP: 45/53 MP: 5/5
  3641 | Ossuary  | Reached skill level 6 in Long Blades
  3650 | Ossuary  | Reached skill level 5 in Fighting
  3650 | Ossuary  | Reached XP level 7. HP: 16/61 MP: 6/6
  4338 | D:4      | Reached skill level 5 in Shields
  4490 | D:4      | Noticed Ijyb
  4567 | D:4      | Killed Ijyb
  4568 | D:4      | Reached skill level 7 in Long Blades
  5200 | D:5      | Identified the +2 glaive of Excruciating Pain {freeze,
                  | rElec Str+8 Dex-4}
  5364 | D:5      | Found a shimmering blue altar of Sif Muna.
  5411 | D:5      | Reached XP level 8. HP: 22/70 MP: 7/7
  6124 | D:4      | Reached skill level 8 in Long Blades
  6890 | D:6      | Found Tesehel's Assorted Antiques.
  6896 | D:6      | Bought a scroll labelled NECHEGH KEMOU for 27 gold pieces
  6896 | D:6      | Bought a silvery potion for 24 gold pieces
  6896 | D:6      | Bought a silvery potion for 24 gold pieces
  7799 | D:7      | Found a staircase to the Ecumenical Temple.
  7849 | D:7      | Found an ancient bone altar of Kikubaaqudgha.
  7874 | Temple   | Entered the Ecumenical Temple
  8077 | D:7      | Reached skill level 9 in Long Blades
  8081 | D:7      | Reached XP level 9. HP: 41/78 MP: 8/8
  8290 | D:7      | Reached skill level 1 in Stealth
  8688 | D:7      | Reached skill level 10 in Long Blades
  8711 | D:7      | Noticed a six-headed hydra
  8712 | D:7      | Noticed a purple ugly thing
  8712 | D:7      | Noticed a cyclops
  8833 | D:8      | Found Plog's General Store.
  8927 | D:8      | Noticed a two-headed ogre
  8957 | D:8      | Mangled by a two-headed ogre

Illustrated notes

Levels and vault maps discovered:
D:1:      scummos_arrival_simple_crosswalls, layout_basic
D:2:      layout_basic
D:3:      layout_basic, nicolae_ru_path_of_blood
D:4:      layout_basic, uniq_ijyb
D:5:      layout_cave_pods, dancing_weapons_uskayaw,
          nicolae_overflow_hidden_temple, serial_park, serial_park_paths
          [serial_park_minivault_5x5_5], serial_park_gazebo
          [serial_park_minivault_5x5_2], serial_park_tiny_pond, enter_ossuary_4
D:6:      layout_cave_pods, serial_shops, kennysheep_little_box
D:7:      minmay_chambers_of_sevens, layout_gridville,
          mainiacjoe_overflow_cross_hatched, minmay_temple_entry_butterflies
D:8:      layout_gridville, serial_shops, nicolae_shop_waterfront,
          gammafunk_ghost_smash
Temple:   lightli_temple_of_artemis

Skill      XL: |  1  2  3  4  5  6  7  8  9 |
---------------+----------------------------+-----
Fighting       | 4 5 6 7 |  7.2
Shields        | 4 5 6 |  6.3
Armour         | 4 5 6 8 9 |  9.0
Long Blades    | 3 5 6 7 9 10 | 10.2
Dodging        | 1 2 |  2.4
Stealth        | 1 |  1.2

Action                   |  1- 3 |  4- 6 |  7- 9 || total
-------------------------+-------+-------+-------++-------
Melee: Long sword        |    94 |   184 |   283 ||   561
       Headbutt          |    10 |    37 |    63 ||   110
  Use: Potion            |     3 |     2 |       ||     5
       Scroll            |     1 |     6 |     7 ||    14
Armor: Scale mail        |    52 |       |       ||    52
       Chain mail        |    17 |   154 |   158 ||   329
Dodge: Dodged            |    54 |    73 |   115 ||   242
Block: Buckler           |    30 |    37 |    64 ||   131
